 Dungeon Crawl Stone Soup version 0.22.1-1-ga44c0e5 (webtiles) character file.

524 Fang the Chopper (level 7, 0/44 HPs)
             Began as a Gargoyle Berserker on Sept 27, 2018.
             Was a Believer of Trog.
             Slain by Crazy Yiuf
             ... wielding a +3 quarterstaff of chaos
              (3 damage)
             ... on level 3 of the Dungeon on Sept 28, 2018.
             The game lasted 00:04:46 (4282 turns).

Fang the Chopper (Gargoyle Berserker)               Turns: 4282, Time: 00:04:47

Health: 0/44       AC:  7    Str: 22    XL:     7   Next: 22%
Magic:  6/7        EV: 13    Int:  8    God:    Trog [**....]
Gold:   160        SH:  0    Dex: 14    Spells: 6/6 levels left

rFire    . . .     SeeInvis .   a - +0 hand axe
rCold    . . .     Gourm    .   (no shield)
rNeg     + . .     Faith    .   b - +0 animal skin
rPois    ∞         Spirit   .   (no helmet)
rElec    +         Reflect  .   (no cloak)
rCorr    .         Harm     .   (no gloves)
MR       .....                  (no boots)
Stlth    ++........             (no amulet)
HPRegen  0.14/turn              j - +5 ring of dexterity
MPRegen  0.10/turn              (no ring)

@: starving
A: negative energy resistance 1, electricity resistance, unbreathing,
petrification resistance, rot immunity, AC +4
a: Berserk, Trog's Hand, Renounce Religion


You were on level 3 of the Dungeon.
You worshipped Trog.
Trog was pleased with you.
You were starving.

You visited 1 branch of the dungeon, and saw 3 of its levels.

You collected 160 gold pieces.

Inventory:

Hand Weapons
 a - a +0 hand axe (weapon)
Armour
 b - a +0 animal skin (worn)
Jewellery
 j - a +5 ring of dexterity (left hand)
Wands
 r - a wand of flame (21)
Scrolls
 d - a scroll of immolation {unknown}
 e - 3 scrolls of teleportation {unknown}
 h - a scroll of enchant weapon {unknown}
 l - a scroll of blinking {unknown}
 p - 3 scrolls of identify {unknown}
 q - a scroll of remove curse {unknown}
 s - a scroll of random uselessness {unknown}
Potions
 f - a potion of magic {unknown}
 g - a potion of agility {unknown}
 i - a potion of brilliance {unknown}
 k - a potion of ambrosia {unknown}
 m - a potion of invisibility {unknown}
 n - a potion of resistance {unknown}
 o - a potion of degeneration {unknown}
 t - a potion of curing
 u - a potion of might {unknown}
Comestibles
 c - 6 rations


   Skills:
 + Level 5.0 Fighting
 + Level 5.4 Axes
 + Level 2.3 Armour
 + Level 3.0 Dodging
 + Level 2.3 Stealth


You had 6 spell levels left.
You didn't know any spells.
Your spell library was empty.

Dungeon Overview and Level Annotations

Branches:
Dungeon (3/15)

Altars:
Fedhas
Hepliaklqana

Annotations:
D:3 Crazy Yiuf


Innate Abilities, Weirdness & Mutations

You are resistant to torment.
Your stone body is resilient. (AC +4)
You are immune to poison.
You resist negative energy. (rN+)
You are resistant to electric shocks. (rElec)
You can survive without breathing.
You are immune to petrification.
You are immune to rotting.


Message History

You hit Crazy Yiuf but do no damage.
Crazy Yiuf is heavily wounded.
Crazy Yiuf hits you with a quarterstaff of chaos.
* * * LOW HITPOINT WARNING * * *
You hit Crazy Yiuf.
Crazy Yiuf is almost dead.
Crazy Yiuf barely misses you.
You hit Crazy Yiuf but do no damage.
Crazy Yiuf is almost dead.
Crazy Yiuf barely misses you.
You barely miss Crazy Yiuf.
Crazy Yiuf is almost dead.
Crazy Yiuf hits you with a quarterstaff of chaos!
* * * LOW HITPOINT WARNING * * *
Crazy Yiuf burns you.
* * * LOW HITPOINT WARNING * * *
You hit Crazy Yiuf but do no damage.
Crazy Yiuf is almost dead.
Crazy Yiuf hits you with a quarterstaff of chaos.
You die...

.........# #....#
##..######## ♣....♣
#.........# ♣...♣♣
##.######## ♣♣.♣♣
#.# ♣.♣♣ #.########
♣♣.♣ #.....(..#
♣.♣♣ #######.#.#
♣♣.♣ #.......#.#
#@# #.#####.#.#
#.g.# #.# #>..#
#...# #.# #...#
#..)# #(# #...#
##### #.## #...#
##..####...########
...........<......#
.##.########.##.#.#


You could see Crazy Yiuf.

Vanquished Creatures
  Grinder (D:3)
  The ghost of bepisman the Skirmisher, a weakling DsAK of Lugonu (D:3)
  A centaur zombie (D:3)
  A bullfrog skeleton (D:3)
  An orc wizard (D:3)
  Natasha (thrice) (D:3)
  4 adders
  An adder zombie (D:3)
  4 dart slugs
  4 worms
  2 leopard geckos
  3 orcs (D:3)
  3 ball pythons
  2 giant cockroaches
  4 goblins
  11 hobgoblins
  2 jackals (D:2)
  A quokka (D:3)
  5 bats
  7 frilled lizards
  10 kobolds
  A quokka zombie (D:3)
  3 rats
  3 fungi (D:3)
78 creatures vanquished.

Notes
Turn   | Place    | Note
-------+----------+-------------------------------------------
     0 | D:1      | Fang the Gargoyle Berserker began the quest for the Orb.
     0 | D:1      | Reached XP level 1. HP: 14/14 MP: 1/1
   186 | D:1      | Reached XP level 2. HP: 14/19 MP: 2/2
   662 | D:1      | Reached XP level 3. HP: 24/24 MP: 3/3
  1147 | D:2      | Found a hazy altar of Hepliaklqana.
  1166 | D:2      | Reached ** piety under Trog
  1337 | D:2      | Reached XP level 4. HP: 27/29 MP: 4/4
  2251 | D:3      | Reached XP level 5. HP: 7/33 MP: 5/5
  2549 | D:3      | Reached skill level 1 in Stealth
  2819 | D:3      | Noticed Natasha
  2824 | D:3      | Killed Natasha
  2869 | D:3      | Noticed Natasha
  2890 | D:3      | Killed Natasha
  3171 | D:3      | Found a runed gate.
  3171 | D:3      | Found a runed gate.
  3172 | D:3      | Found a runed gate.
  3176 | D:3      | Noticed bepisman's ghost (weakling DsAK)
  3205 | D:3      | Found a blossoming altar of Fedhas.
  3220 | D:3      | Noticed Natasha
  3233 | D:3      | Killed Natasha
  3572 | D:3      | Noticed Grinder
  3585 | D:3      | Killed Grinder
  3585 | D:3      | Reached skill level 5 in Axes
  3585 | D:3      | Reached XP level 6. HP: 40/40 MP: 6/6
  3773 | D:3      | Found a runed door.
  4022 | D:3      | Reached XP level 7. HP: 44/44 MP: 7/7
  4026 | D:3      | Killed bepisman's ghost
  4026 | D:3      | Reached skill level 5 in Fighting
  4268 | D:3      | Noticed Crazy Yiuf
  4282 | D:3      | Slain by Crazy Yiuf

Skill      XL: |  1  2  3  4  5  6  7 |
---------------+----------------------+-----
Axes           | 3 4 5 |  5.4
Fighting       | 4 5 |  5.0
Dodging        | 2 3 |  3.0
Stealth        | 2 |  2.3
Armour         | |  2.3

Action                   |  1- 3 |  4- 6 |  7- 9 || total
-------------------------+-------+-------+-------++-------
Melee: Hand axe          |    94 |   163 |    19 ||   276
Invok: Berserk           |     1 |     8 |       ||     9
 Stab: Sleeping          |       |     1 |       ||     1
  Eat: Chunk             |     2 |    11 |       ||    13
       Ration            |       |     1 |       ||     1
Armor: Animal skin       |    21 |    39 |     2 ||    62
Dodge: Dodged            |    74 |    76 |     6 ||   156
